 Dungeon Crawl Stone Soup version 0.25-a0-645-gb4487340cb (webtiles) character file.

Game seed: 1618682395230789718, levelgen mode: deterministic

1052 Mehrunes the Transmogrifier (level 8, -3/54 HPs)
             Began as a Merfolk Transmuter on Mar 21, 2020.
             Was a Believer of Makhleb.
             Slain by a wyvern skeleton (11 damage)
             ... on level 6 of the Dungeon.
             The game lasted 00:17:09 (6606 turns).

Mehrunes the Transmogrifier (Merfolk Transmuter)    Turns: 6606, Time: 00:17:09

Health: -3/54      AC:  7    Str: 13    XL:     8   Next: 26%
Magic:  10/11      EV: 12    Int: 12    God:    Makhleb [**....]
Gold:   236        SH:  0    Dex: 14    Spells: 0/11 levels left

rFire    . . .     SeeInvis .     - Unarmed
rCold    . . .     Gourm    .   (no shield)
rNeg     . . .     Faith    .   g - +0 leather armour (curse)
rPois    .         Spirit   .   (no helmet)
rElec    .         Reflect  .   p - +0 cloak
rCorr    .         Harm     .   x - +0 pair of gloves
MR       .....                  H - +1 pair of boots
Stlth    +.........             (no amulet)
HPRegen  0.18/turn              (no ring)
MPRegen  0.12/turn              (no ring)

@: appendage
A: change form in water, swift swim, stealthy swim, horns 2
a: End Transformation, Minor Destruction, Renounce Religion


You were on level 6 of the Dungeon.
You worshipped Makhleb.
Makhleb was pleased with you.
You were not hungry.
You had grown temporary horns.
You visited 1 branch of the dungeon, and saw 6 of its levels.
You also visited: Sewer.

You collected 236 gold pieces.

Inventory:

Hand Weapons
 h - a +0 club
 q - a cursed +0 hand axe
Missiles
 a - 29 arrows
 e - a throwing net (quivered)
 B - 5 curare-tipped darts
Armour
 b - a +0 robe
 g - a cursed +0 leather armour (worn)
 p - a +0 cloak (worn)
 t - a +0 helmet
 x - a +0 pair of gloves (worn)
 H - a +1 pair of boots (worn)
Jewellery
 s - an uncursed ring of stealth {unknown}
 y - an uncursed ring of wizardry {unknown}
Wands
 F - a wand of iceblast (11)
 G - a wand of flame (23)
Scrolls
 c - 5 scrolls of identify {unknown}
 f - 3 scrolls of enchant weapon {unknown}
 j - 5 scrolls of fear {unknown}
 l - a scroll of fog {unknown}
 m - 3 scrolls of blinking {unknown}
 r - a scroll of amnesia {unknown}
 u - 9 scrolls of teleportation {unknown}
 v - 2 scrolls of magic mapping {unknown}
 w - 2 scrolls of random uselessness {unknown}
 A - 2 scrolls of remove curse {unknown}
 E - a scroll of immolation {unknown}
Potions
 i - 3 potions of lignification {unknown}
 k - a potion of cancellation {unknown}
 n - 4 potions of heal wounds {unknown}
 o - 2 potions of curing
 z - 2 potions of brilliance {unknown}
 D - 4 potions of flight {unknown}
Comestibles
 d - 9 rations
 C - 3 chunks of flesh


   Skills:
 - Level 1.1 Fighting
 - Level 2.6 Dodging
 + Level 7.1 Unarmed Combat
 - Level 2.0 Spellcasting
 + Level 8.0 Transmutations
 - Level 3.4 Poison Magic
 - Level 3.1 Invocations


You couldn't memorise any spells.
You knew the following spells:

 Your Spells              Type           Power        Failure   Level  Hunger
a - Beastly Appendage     Tmut           ###...       1%          1    ##.....
b - Sticks to Snakes      Tmut           ###.....     1%          2    ###....
c - Spider Form           Tmut/Pois      ##........   10%         3    ####...
d - Blade Hands           Tmut           ###.......   34%         5    ######.

Your spell library contained the following spells:

 Spells                   Type           Power        Failure   Level  Hunger
 Ice Form                 Ice/Tmut       ##......     54%         4    #####..


Dungeon Overview and Level Annotations

Branches:
Dungeon (6/15)             Temple (0/1) D:4           Sewer (visited)

Altars:
Cheibriados
Hepliaklqana
Makhleb
Nemelex Xobeh
Okawaru
Qazlal
Sif Muna
Vehumet


Innate Abilities, Weirdness & Mutations

You revert to your normal form in water.
You are very nimble and swift while swimming.
You are very stealthy in the water. (Stealth+)
You have a pair of horns on your head.


Message History

The wyvern skeleton bites you but does no damage.
You barely miss the wyvern skeleton. The wyvern skeleton bites you!
You punch the wyvern skeleton!
The wyvern skeleton is moderately damaged.
The wyvern skeleton bites you.
You hit the wyvern skeleton.
The wyvern skeleton is moderately damaged.
The wyvern skeleton bites you!
You punch the wyvern skeleton!
The wyvern skeleton is heavily damaged.
The wyvern skeleton misses you.
You barely miss the wyvern skeleton.
The wyvern skeleton is heavily damaged.
The wyvern skeleton bites you!
* * * LOW HITPOINT WARNING * * *
Casting: Sticks to Snakes (safe; 1% risk of failure)
Confirm with . or Enter, or press ? or * to list all spells.
You grow a pair of large bovine horns.
The wyvern skeleton misses you. The wyvern skeleton bites you!
You die...

.... . ....# .. ....#
... ....# ..####...#
#. .......#
#..##.....#####.
#.....@.....)... . #
#..##.Z.........
..#.#..##.#...#####
...#.....#...#
......#..#...######
#................
..###..#†...........#
.......<............+
..#.#...>...........#


You could see a wyvern skeleton.

Vanquished Creatures
  Purgy (Sewer)
  An ice beast (D:2)
  A sky beast (D:5)
  A centaur (D:5)
  A scorpion (D:6)
  A bullfrog zombie (D:5)
  An orc priest (D:4)
  2 hounds (D:5)
  2 orc wizards (D:4)
  Natasha (thrice) (D:2)
  5 worker ants
  3 gnolls (D:2)
  6 adders
  A river rat (D:5)
  An ooze (D:1)
  2 worms (D:3)
  A dart slug (D:5)
  10 orcs
  4 giant cockroaches
  12 hobgoblins
  6 kobolds
  3 quokkas
  3 ball pythons
  8 bats
  7 frilled lizards
  7 goblins
  A quokka skeleton (D:4)
  10 rats
104 creatures vanquished.

Vanquished Creatures (collateral kills)
  A black bear (D:5)
  A gnoll (D:2)
  2 goblins
4 creatures vanquished.

Grand Total: 108 creatures vanquished

Notes
Turn   | Place    | Note
-------+----------+-------------------------------------------
     0 | D:1      | Mehrunes the Merfolk Transmuter began the quest for the
                  | Orb.
     0 | D:1      | Reached XP level 1. HP: 15/15 MP: 3/3
    51 | D:1      | Reached skill level 3 in Transmutations
   240 | D:1      | Reached XP level 2. HP: 19/21 MP: 3/5
   490 | D:1      | Reached XP level 3. HP: 13/26 MP: 6/6
   763 | D:1      | Learned a level 2 spell: Sticks to Snakes
   767 | D:1      | Learned a level 3 spell: Spider Form
  1080 | D:2      | Noticed Natasha
  1090 | D:2      | Killed Natasha
  1090 | D:2      | Reached skill level 4 in Transmutations
  1090 | D:2      | Reached skill level 1 in Poison Magic
  1090 | D:2      | Reached XP level 4. HP: 24/32 MP: 5/7
  1227 | D:2      | Noticed an ice beast
  1414 | D:2      | Found a sparkling altar of Nemelex Xobeh.
  1414 | D:2      | Found a burning altar of Makhleb.
  1420 | D:2      | Became a worshipper of Makhleb the Destroyer
  1431 | D:2      | Noticed Natasha
  1439 | D:2      | Killed Natasha
  1504 | D:2      | Found a hazy altar of Hepliaklqana.
  1506 | D:2      | Found a radiant altar of Vehumet.
  1657 | D:2      | Noticed Natasha
  1664 | D:2      | Killed Natasha
  1664 | D:2      | Reached XP level 5. HP: 29/37 MP: 6/8
  1904 | D:2      | Killed an ice beast
  1904 | D:2      | Reached skill level 1 in Invocations
  2184 | D:2      | Reached XP level 6. HP: 34/43 MP: 1/9
  2807 | D:3      | Found a shimmering blue altar of Sif Muna.
  3069 | D:3      | Reached skill level 5 in Transmutations
  3375 | D:4      | Found a staircase to the Ecumenical Temple.
  3407 | D:4      | Reached * piety under Makhleb
  3407 | D:4      | Reached skill level 5 in Unarmed Combat
  4435 | D:5      | Entered Level 5 of the Dungeon
  4435 | D:5      | Noticed a sky beast
  4447 | D:5      | Killed a sky beast
  4447 | D:5      | Reached XP level 7. HP: 32/48 MP: 10/10
  4517 | D:5      | Reached skill level 6 in Transmutations
  4900 | D:5      | Found a glowing drain.
  5122 | Sewer    | Entered a sewer
  5293 | Sewer    | Noticed Purgy
  5321 | Sewer    | Killed Purgy
  5541 | D:5      | Reached skill level 7 in Transmutations
  5762 | D:5      | Found a stormy altar of Qazlal.
  5857 | D:5      | Found an iron altar of Okawaru.
  5881 | D:5      | Reached XP level 8. HP: 54/54 MP: 11/11
  5898 | D:5      | Learned a level 5 spell: Blade Hands
  6025 | D:5      | Found a snail-covered altar of Cheibriados.
  6063 | D:5      | Reached ** piety under Makhleb
  6559 | D:5      | Reached skill level 8 in Transmutations
  6606 | D:6      | Slain by a wyvern skeleton

Levels and vault maps discovered:
D:1:      nicolae_arrival_washed_ashore, layout_rooms, minmay_split_cup_large
D:2:      layout_basic, nicolae_overflow_hidden_temple,
          gammafunk_temple_overflow_elements, uniq_natasha
D:3:      layout_loops_ring, nicolae_overflow_crystal_walls, first_ration,
          chequers_hall_statues_wall_a, minmay_misc_feat_rugged,
          minmay_liquid_box, st_stairs_5
D:4:      layout_rooms, minmay_temple_entry_mini_moons
D:5:      layout_loops_ring, overflow_temple_1_default, grunt_qazlal_sundering,
          serial_glass, glass_columns_a, glass_columns_b, portal_sewer_entry_b,
          kennysheep_slug_shrine
D:6:      layout_basic

Skill      XL: |  1  2  3  4  5  6  7  8 |
---------------+-------------------------+-----
Transmutations | 3 4 5 7 8 |  8.0
Unarmed Combat | 4 5 6 7 |  7.1
Poison Magic   | 1 2 3 |  3.4
Invocations    | 1 3 |  3.1
Fighting       | |  1.1
Dodging        | |  2.6
Spellcasting   | |  2.0

Action                   |  1- 3 |  4- 6 |  7- 9 || total
-------------------------+-------+-------+-------++-------
Melee: Unarmed           |    91 |   199 |   185 ||   475
       Punch             |     3 |     4 |     3 ||    10
       Headbutt          |     5 |    15 |    10 ||    30
       Tailslap          |       |       |     1 ||     1
 Cast: Beastly Appendage |    14 |    13 |     7 ||    34
       Sticks to Snakes  |       |    10 |     4 ||    14
  Use: Potion            |       |     1 |       ||     1
 Stab: Distracted        |       |       |     1 ||     1
  Eat: Chunk             |     1 |    12 |     5 ||    18
       Ration            |       |       |     1 ||     1
Armor: Robe              |     6 |       |       ||     6
       Leather armour    |    23 |    41 |    75 ||   139
Dodge: Dodged            |    71 |   105 |   142 ||   318

Table legend:
 A = Non-vault XP
 B = Vault XP
 C = Vault XP percentage of total XP
 D = Non-vault monster count
 E = Vault monster count
 F = Vault count percentage of total count
                 A         B        C        D         E       F
            +---------+---------+-------+---------+---------+-------
      Total |    1234 |     269 |  17.9 |      81 |      27 |  25.0
            +---------+---------+-------+---------+---------+-------
        D:1 |      43 |       7 |  14.0 |      24 |       4 |  14.3
        D:2 |     262 |      36 |  12.1 |      20 |       1 |   4.8
        D:3 |      18 |       5 |  21.7 |       6 |       3 |  33.3
        D:4 |     245 |      13 |   5.0 |      16 |       1 |   5.9
        D:5 |     566 |      25 |   4.2 |      13 |       9 |  40.9
        D:6 |     100 |       0 |   0.0 |       2 |       0 |   0.0
      Sewer |       0 |     183 | 100.0 |       0 |       9 | 100.0
            +---------+---------+-------+---------+---------+-------
